 Dungeon Crawl Stone Soup version 0.20.1-1-g8b1a95d (webtiles) character file.

1134 equalderp2856 the Ducker (level 8, -5/40 HPs)
             Began as a Spriggan Fighter on July 21, 2017.
             Slain by a two-headed ogre
             ... wielding a +0 giant club
              (33 damage)
             ... on level 6 of the Dungeon.
             The game lasted 00:23:45 (9944 turns).

equalderp2856 the Ducker (Spriggan Fighter)         Turns: 9944, Time: 00:23:46

Health: -5/40      AC:  2    Str: 18    XL:     8   Next: 14%
Magic:  15/15      EV: 22    Int:  9    God:
Gold:   498        SH:  0    Dex: 17    Spells: 16/16 levels left

rFire    . . .     SeeInvis +   G - +0 long sword
rCold    . . .     Gourm    .   (shield restricted)
rNeg     . . .     Faith    .   M - +0 robe (curse)
rPois    .         Spirit   .   (helmet restricted)
rElec    .         Reflect  .   (no cloak)
rCorr    .         Harm     .   (gloves unavailable)
MR       +....                  (boots unavailable)
Stlth    +++.......             (no amulet)
Regen    0.2/turn               (no ring)
MPRegen  0.2/turn               (no ring)

@: mighty, very quick
A: unfitting armour, see invisible, herbivore 3, speed 3, slow metabolism 2
a: no special abilities


You were on level 6 of the Dungeon.
You were not hungry.

You visited 1 branch of the dungeon, and saw 6 of its levels.
You also visited: Sewer.

You collected 498 gold pieces.

Inventory:

Hand Weapons
 a - a +0 rapier
 i - a +0 short sword
 m - a +0 dagger
 n - a +0 dagger
 r - a +0 short sword
 G - a +0 long sword (weapon)
 O - a +0 dagger of draining
 Q - a +3 mace
 T - a +0 shortbow
Missiles
 o - 99 arrows
 p - 33 sling bullets
 q - 145 stones (quivered)
 t - 16 bolts
 P - 3 tomahawks
Armour
 b - a +0 robe
 c - a +0 buckler
 F - a +0 robe
 H - a +0 robe
 M - a cursed +0 robe (worn)
Jewellery
 S - a cursed -3 ring of dexterity {unknown}
Wands
 N - a wand of random effects (30/48)
 R - a wand of paralysis (15/24)
Scrolls
 e - a scroll of amnesia {unknown}
 h - 4 scrolls of remove curse
 k - 4 scrolls of recharging {unknown}
 l - 2 scrolls of teleportation {unknown}
 u - 3 scrolls of identify
 v - 2 scrolls of fog
 y - a scroll of enchant weapon {unknown}
 z - a scroll of noise {unknown}
 A - a scroll of random uselessness {unknown}
 C - 2 scrolls of blinking {unknown}
 I - 2 scrolls of fear {unknown}
 L - a scroll of immolation {unknown}
Potions
 d - 3 potions of might
 g - 3 potions of curing {unknown}
 j - 3 potions of heal wounds {unknown}
 s - 3 potions of flight
 w - 2 potions of degeneration {unknown}
 x - a potion of resistance {unknown}
 B - a potion of lignification {unknown}
 D - a potion of invisibility {unknown}
 E - 4 potions of brilliance {unknown}
 J - a potion of agility {unknown}
 K - a potion of ambrosia {unknown}
Comestibles
 f - 5 bread rations


   Skills:
 + Level 3.4 Fighting
 + Level 4.8(5.5) Short Blades
 + Level 2.9(3.7) Long Blades
 + Level 0.8 Bows
 + Level 1.4 Throwing
 + Level 6.3 Dodging
 * Level 5.0 Stealth
 + Level 3.2 Shields
 * Level 4.5 Spellcasting


You had 16 spell levels left.
You didn't know any spells.

Dungeon Overview and Level Annotations

Branches:
Dungeon (6/15)
 Temple: D:4-7

Altars:
Nemelex Xobeh
Okawaru
Sif Muna
Vehumet
Yredelemnul
The Shining One


Innate Abilities, Weirdness & Mutations

You are very small and have problems with some larger weapons.
You are too small for most types of armour.
You have supernaturally acute eyesight. (SInv)
You are a herbivore.
You cover ground extremely quickly.
You need consume almost no food.


Message History

The two-headed ogre is moderately wounded.
The two-headed ogre completely misses you.
The two-headed ogre barely misses you.
You hit the two-headed ogre.
The two-headed ogre is moderately wounded.
The two-headed ogre completely misses you.
The two-headed ogre barely misses you.
You barely miss the two-headed ogre.
The two-headed ogre is moderately wounded.
The two-headed ogre hits you with a giant club!
The two-headed ogre barely misses you.
You slash the two-headed ogre!
The two-headed ogre is heavily wounded.
The two-headed ogre completely misses you.
The two-headed ogre hits you with a giant club.
You hit the two-headed ogre.
The two-headed ogre is severely wounded.
The two-headed ogre hits you with a giant club!!
Ouch! That really hurt!
You die...

#.............###
#..#......#......
#..##..#########.
##.###### ##...
#.## ###.... ###
#...... #......
### #...... #@##
#...... ##O#
#...... #F##
##..... #.<##
#..... #...#
##.... #...#
#.... ##...#
##... #....# #...
#....# ##..


You could see a two-headed ogre and a bullfrog.

Vanquished Creatures
  A hornet zombie (D:6)
  A phantom (D:5)
  2 sky beasts
  A centaur (D:6)
  2 bullfrogs
  A howler monkey (D:3)
  2 hounds (D:4)
  A bullfrog skeleton (D:5)
  3 iguanas
  4 worker ants
  A hound zombie (D:6)
  A hound skeleton (D:5)
  5 adders
  A river rat (D:3)
  A shadow imp (D:5)
  7 oozes
  2 adder zombies (D:6)
  An adder skeleton (D:4)
  6 worms
  2 dart slugs (D:1)
  4 leopard geckos
  6 orcs
  13 giant cockroaches
  9 goblins
  4 hobgoblins
  9 jackals
  3 quokkas
  2 ball pythons
  10 bats
  8 frilled lizards
  A jackal skeleton (D:5)
  A jackal zombie (D:5)
  8 kobolds
  6 rats
129 creatures vanquished.

Notes
Turn   | Place    | Note
-------+----------+-------------------------------------------
     0 | D:1      | equalderp2856 the Spriggan Fighter began the quest for the Orb.
     0 | D:1      | Reached XP level 1. HP: 11/11 MP: 2/2
   152 | D:1      | Reached XP level 2. HP: 11/16 MP: 3/3
  1370 | D:2      | Reached XP level 3. HP: 18/19 MP: 4/4
  1835 | D:2      | Reached skill level 5 in Dodging
  2428 | D:3      | Reached XP level 4. HP: 23/23 MP: 4/6
  2480 | D:3      | Found a glowing drain.
  2484 | Sewer    | Entered a sewer
  3040 | Sewer    | Reached skill level 1 in Stealth
  3040 | Sewer    | Reached skill level 1 in Spellcasting
  3755 | D:3      | Reached XP level 5. HP: 28/28 MP: 7/7
  5025 | D:4      | Reached XP level 6. HP: 26/32 MP: 10/10
  5339 | D:4      | Found a basalt altar of Yredelemnul.
  5340 | D:4      | Found a deep blue altar of Sif Muna.
  5340 | D:4      | Found a radiant altar of Vehumet.
  5341 | D:4      | Found a glowing golden altar of the Shining One.
  5726 | D:4      | Found an iron altar of Okawaru.
  6035 | D:4      | Found a sparkling altar of Nemelex Xobeh.
  6181 | D:5      | Entered Level 5 of the Dungeon
  6201 | D:5      | Reached skill level 1 in Long Blades
  6692 | D:5      | Noticed a sky beast
  7485 | D:5      | Killed a sky beast
  7485 | D:5      | Reached XP level 7. HP: 18/36 MP: 12/12
  7839 | D:5      | Reached skill level 1 in Throwing
  9111 | D:6      | Reached skill level 6 in Dodging
  9111 | D:6      | Reached XP level 8. HP: 34/40 MP: 15/15
  9829 | D:6      | Reached skill level 5 in Stealth
  9834 | D:6      | Noticed a two-headed ogre
  9944 | D:6      | Slain by a two-headed ogre

Skill      XL: |  1  2  3  4  5  6  7  8 |
---------------+-------------------------+-----
Short Blades   | 3 4 |  4.8
Dodging        | 5 6 |  6.3
Stealth        | 1 2 3 4 5 |  5.0
Spellcasting   | 1 2 3 4 |  4.5
Fighting       | 3 |  3.4
Long Blades    | 1 2 |  2.9
Shields        | 3 |  3.2
Throwing       | 1 |  1.4
Bows           | |  0.8

Action                   |  1- 3 |  4- 6 |  7- 9 || total
-------------------------+-------+-------+-------++-------
Melee: Rapier            |   115 |   203 |       ||   318
       Long sword        |       |   110 |   133 ||   243
       Dagger            |       |       |     5 ||     5
 Fire: Shortbow          |       |       |    33 ||    33
Throw: Stone             |       |    11 |    46 ||    57
  Use: Scroll            |       |     3 |       ||     3
       Potion            |       |     1 |     1 ||     2
 Stab: Sleeping          |     1 |     5 |     2 ||     8
  Eat: Bread ration      |       |     1 |       ||     1
       Royal jelly       |       |     1 |       ||     1
Armor: Robe              |     6 |    26 |     2 ||    34
Dodge: Dodged            |    46 |   271 |   130 ||   447
Block: Buckler           |    31 |   113 |    43 ||   187
       Rpst.: Long sword |       |    27 |    30 ||    57
